 Dungeon Crawl Stone Soup version 0.31.0-12-g77e489cdc1 (webtiles) character file.

Game seed: 6108712402840103786

8847 lonewolfV2 the Fighter (level 11, -5/93 HPs)
             Began as a Formicid Fighter on Feb 14, 2024.
             Was an Initiate of Gozag.
             Slain by Snorg (7 damage)
             ... on level 10 of the Dungeon.
             The game lasted 00:17:30 (8161 turns).

lonewolfV2 the Fighter (Formicid Fighter)           Turns: 8161, Time: 00:17:32

Health: -5/93      AC: 13    Str: 22    XL:     11   Next: 63%
Magic:  11/11      EV:  6    Int:  5    God:    Gozag
Gold:   1364       SH: 26    Dex: 15    Spells: 10/10 levels left

rFire   + . .        p - +0 war axe (flame)
rCold   . . .        b - +10 tower shield of Ignorance {rN+ Int-4}
rNeg    + . .        x - +0 chain mail
rPois   .            (helmet unavailable)
rElec   .            (no cloak)
rCorr   .            t - +0 pair of gloves
SInv    +            u - +0 pair of boots
Will    ++...        l - amulet of regeneration Stlth
                     f - ring of protection from fire
HPRegen 1.15/turn    z - ring of willpower
MPRegen 0.12/turn

%: no passive effects
@: invisible
A: permanent stasis, dig shafts and tunnels, antennae 3, four strong arms
a: Dig, Shaft Self, Renounce Religion, Potion Petition, Call Merchant, Bribe
Branch


You were on level 10 of the Dungeon.
You worshipped Gozag.
Gozag was most pleased with you.
You visited 1 branch of the dungeon, and saw 10 of its levels.
You also visited: Ossuary.

You collected 2003 gold pieces.
You paid 639 gold pieces to Gozag.

Inventory:

Hand Weapons
 a - a +1 war axe
 p - a +0 war axe of flaming (weapon)
Armour
 b - the +10 tower shield of Ignorance (worn) {rN+ Int-4}
   (You found it on level 7 of the Dungeon)

   Int-4:     It affects your intelligence (-4).
   rN+:       It protects you from negative energy.
 c - a +1 buckler
 t - a +0 pair of gloves (worn)
 u - a +0 pair of boots (worn)
 x - a +0 chain mail (worn)
Jewellery
 f - a ring of protection from fire (left hand)
 l - an amulet of regeneration (around neck)
 w - a ring of wizardry
 z - a ring of willpower (right hand)
Wands
 v - a wand of roots (16)
Scrolls
 d - 4 scrolls of enchant weapon
 e - 6 scrolls of teleportation
 g - 3 scrolls of blinking
 h - 3 scrolls of fog
Potions
 j - 5 potions of enlightenment
 k - a potion of attraction {unknown}
 m - 5 potions of lignification
 n - a potion of cancellation
 o - 2 potions of haste
 q - 2 potions of mutation
 r - a potion of degeneration
 s - 2 potions of invisibility
 A - a potion of resistance


   Skills:
 - Level 11.4 Fighting
 - Level 11.3 Axes
 + Level 7.8 Armour
 + Level 9.3 Shields


You had 10 spell levels left.
You didn't know any spells.
Your spell library contained the following spells:

 Spells                   Type           Power      Damage    Failure   Level
 Cigotuvi's Dreadful Rot  Necr/Alch/Air  0%         N/A       100%        2
 Lesser Beckoning         Tloc           0%         N/A       100%        2
 Momentum Strike          Conj/Tloc      0%         3d8       100%        2
 Scorch                   Fire           0%         2d5       100%        2
 Dispel Undead            Necr           0%         3d6       100%        4
 Flame Wave               Conj/Fire      0%         2d4       100%        4
 Manifold Assault         Tloc           0%         N/A       100%        4
 Martyr's Knell           Necr/Summ      0%         N/A       100%        4
 Arcjolt                  Conj/Air       0%         1d10      100%        5
 Death Channel            Necr           0%         N/A       100%        6
 Dispersal                Tloc           0%         N/A       100%        6
 Summon Cactus Giant      Summ           0%         N/A       100%        6
 Disjunction              Tloc           0%         N/A       100%        8
 Maxwell's Capacitive Co  Air            0%         ∞         100%        8
 Blink                    Tloc           Unusable   N/A       N/A         2
 Vhi's Electric Charge    Tloc/Air       Unusable   N/A       N/A         4

Dungeon Overview and Level Annotations

Branches:
Dungeon (10/15)            Temple (0/1) D:7            Lair (0/5) D:9
Ossuary (visited)
    Orc: D:9-12

Altars:
Cheibriados
Elyvilon
Fedhas
Gozag
Hepliaklqana
Okawaru
Qazlal
Ru
Trog
Uskayaw
Yredelemnul

Shops:
D:1 (   D:4 ?   D:6 *   D:10 =

Portals:
Bailey: D:10

Annotations:
D:7 1 runed translucent door, 2 transporters, exclusion: 4 orange crystal statues
D:8 2 transporters, popoopuu's ghost, novice MiBe
D:10 Snorg


Innate Abilities, Weirdness & Mutations

You cannot be hasted, slowed, berserked, paralysed or teleported.
You can dig through walls and to a lower floor.
You have a pair of large antennae on your head. (SInv)
Your four strong arms can wield two-handed weapons with a shield.


Message History

Snorg claws you but does no damage.
You slash Snorg! You burn Snorg.
Snorg is heavily wounded.
Snorg bites you but does no damage. Snorg claws you!
* * * LOW HITPOINT WARNING * * *
Snorg claws you.
* * * LOW HITPOINT WARNING * * *
You feel better. You block Snorg's attack. x4
Snorg claws you but does no damage. x2
You feel better. Snorg bites you but does no damage.
You block Snorg's attack. x2
Unknown command.
Aiming: Fastroot
Press: ? - help, Q - select action, (/) - cycle Shift-Dir - straight line, p - Snorg The roots erupt in riotous growth!
Roots grab Snorg.
You hear the steady creaking of a portcullis nearby.
The grasping roots constrict Snorg.
You block Snorg's attack. x2
Snorg claws you!
* * * LOW HITPOINT WARNING * * *
You block Snorg's attack. x2; Snorg claws you.
* * * LOW HITPOINT WARNING * * *
You feel better.
The grasping roots constrict Snorg.
Snorg bites you but does no damage. Snorg claws you!
* * * LOW HITPOINT WARNING * * *
You block Snorg's attack.
You feel better.
The grasping roots constrict Snorg!
The roots release their grip on Snorg.
Snorg bites you.
* * * LOW HITPOINT WARNING * * *
You block Snorg's attack. x3; Snorg barely misses you.
You block Snorg's attack.
It was a potion of invisibility.
You fade into invisibility!
You block Snorg's attack. x2; Snorg claws you!
* * * LOW HITPOINT WARNING * * *
You hit Snorg. You burn Snorg.
Snorg is severely wounded.
Snorg is no longer berserk.
You block Snorg's attack. x4; Snorg claws you.
* * * LOW HITPOINT WARNING * * *
Snorg claws you!
You die...
Your body crumbles into a pile of gold.

....# ....# ....# ....#
....# ########### #.####
#.........#
#.)..###.........######.#
##.....#(............?..#
##..............@.......#
#........#######T.>.....#
..######...# #........#
.## ###...# #........# .#
##..##........# ##
............ #..........
##.........


You could see Snorg (unable to see you, slow).

Vanquished Creatures
  A two-headed ogre (D:10)
  A gargoyle (D:8)
  A komodo dragon (D:9)
  A troll (D:10)
  Grinder (D:6)
  Sigmund (D:6)
  6 slime creatures (D:9)
  10 yaks
  2 steam dragons (D:7)
  3 vampire mosquitoes (D:10)
  Edmund (D:6)
  3 water moccasins
  An orc warrior (D:7)
  2 ice beasts (D:5)
  4 black bears
  2 centaurs
  Blork the orc (D:6)
  5 bullfrogs
  A gnoll sergeant (D:8)
  5 scorpions
  8 water moccasin zombies (Ossuary)
  A burial acolyte (Ossuary)
  7 wights
  9 killer bees
  A howler monkey (D:4)
  4 orc priests
  A spectral scorpion (Ossuary)
  2 hounds (D:5)
  9 jellies
  3 iguanas
  2 orc wizards
  A crocodile zombie (Ossuary)
  2 mummies (Ossuary)
  8 adders
  4 gnolls (D:8)
  A shadow imp (D:6)
  2 white imps
  6 ufetubi
  3 adder zombies (Ossuary)
  A dart slug (D:1)
  A ribbon worm (D:3)
  19 orcs
  4 bats
  4 endoplasms
  A giant cockroach (D:4)
  8 gnoll zombies (Ossuary)
  4 goblins
  11 hobgoblins
  2 jackals (D:2)
  12 kobolds
  8 ball pythons
  3 jackal zombies (Ossuary)
  4 orc zombies (Ossuary)
  6 rats
214 creatures vanquished.

Vanquished Creatures (others)
  An orc (D:7)
1 creature vanquished.

Grand Total: 215 creatures vanquished

Notes
Turn   | Place    | Note
-------+----------+-------------------------------------------
     0 | D:1      | lonewolfV2 the Formicid Fighter began the quest for the
                  | Orb.
     0 | D:1      | Reached XP level 1. HP: 18/18 MP: 1/1
   107 | D:1      | Reached XP level 2. HP: 19/24 MP: 2/2
   139 | D:1      | Found Ofukuc's Weapon Emporium.
   663 | D:2      | Reached XP level 3. HP: 30/30 MP: 3/3
   874 | D:2      | Reached XP level 4. HP: 35/37 MP: 4/4
  1349 | D:3      | Found a sacrificial altar of Ru.
  1963 | D:3      | Identified a scroll of acquirement
  1963 | D:3      | Acquired 788 gold pieces
  1978 | D:4      | Noticed a scorpion
  1984 | D:4      | Killed a scorpion
  1985 | D:4      | Reached XP level 5. HP: 16/43 MP: 5/5
  2066 | D:4      | Found a hazy altar of Hepliaklqana.
  2208 | D:4      | Noticed a black bear
  2215 | D:4      | Killed a black bear
  2216 | D:4      | Reached skill level 5 in Fighting
  2216 | D:4      | Reached skill level 5 in Axes
  2216 | D:4      | Reached XP level 6. HP: 37/51 MP: 6/6
  2426 | D:4      | Found Beics's Magic Scroll Shoppe.
  2671 | D:4      | Found a sand-covered staircase.
  2693 | Ossuary  | Entered an ossuary
  2708 | Ossuary  | Reached XP level 7. HP: 56/56 MP: 7/7
  2814 | Ossuary  | Reached XP level 8. HP: 64/64 MP: 8/8
  3292 | D:5      | Entered Level 5 of the Dungeon
  3585 | D:5      | Reached XP level 9. HP: 74/74 MP: 9/9
  3747 | D:5      | Found an opulent altar of Gozag.
  3949 | D:5      | Became a worshipper of Gozag Ym Sagoz the Greedy
  3976 | D:6      | Found a hide-covered altar of Uskayaw.
  4129 | D:6      | Noticed Blork the orc
  4137 | D:6      | Killed Blork the orc
  4265 | D:6      | Noticed Grinder
  4278 | D:6      | Killed Grinder
  4418 | D:6      | Found a blossoming altar of Fedhas.
  4418 | D:6      | Found a basalt altar of Yredelemnul.
  4426 | D:6      | Found a faded altar of an unknown god.
  4428 | D:6      | Found a faded altar of an unknown god.
  4430 | D:6      | Found a white marble altar of Elyvilon.
  4536 | D:6      | Noticed Sigmund
  4544 | D:6      | Killed Sigmund
  4561 | D:6      | Noticed Edmund
  4581 | D:6      | Killed Edmund
  4748 | D:7      | Found a runed translucent door.
  4766 | D:7      | Found the +10 tower shield of Ignorance {rN+ Int-4}
  4801 | D:7      | Found a runed translucent door.
  4818 | D:7      | Noticed an orange crystal statue
  4818 | D:7      | Noticed an orange crystal statue
  4818 | D:7      | Noticed an orange crystal statue
  4818 | D:7      | Noticed an orange crystal statue
  4861 | D:7      | You fall into a shaft and drop 2 floors!
  5075 | D:9      | Noticed a komodo dragon
  5099 | D:9      | Killed a komodo dragon
  5100 | D:9      | Reached skill level 10 in Axes
  5100 | D:9      | Reached XP level 10. HP: 48/85 MP: 10/10
  5245 | D:9      | Reached skill level 10 in Fighting
  5331 | D:8      | Found a snail-covered altar of Cheibriados.
  5371 | D:8      | Noticed a gargoyle
  5391 | D:8      | Killed a gargoyle
  5606 | D:8      | Noticed a moth of wrath
  5643 | D:8      | Found a transporter.
  5652 | D:8      | Noticed a two-headed ogre
  5893 | D:8      | Found a transporter.
  5894 | D:8      | Identified the +2 war axe of Deformation {spect, +Blink}
  5895 | D:8      | Noticed popoopuu's ghost (novice MiBe)
  5949 | D:7      | Found a staircase to the Ecumenical Temple.
  6254 | D:7      | Found a transporter.
  6342 | D:7      | Identified the beast talisman of the Nexus {rC+++ Str-5
                  | Dex+7}
  6479 | D:7      | Found a transporter.
  6635 | D:8      | Found a bloodstained altar of Trog.
  7327 | D:9      | Reached skill level 5 in Shields
  7387 | D:9      | Reached XP level 11. HP: 74/93 MP: 11/11
  7394 | D:9      | Reached skill level 5 in Armour
  7469 | D:9      | Found a staircase to the Lair.
  7624 | D:9      | Found an iron altar of Okawaru.
  7823 | D:10     | Entered Level 10 of the Dungeon
  7836 | D:10     | Found a stormy altar of Qazlal.
  7837 | D:10     | Noticed a two-headed ogre
  7852 | D:10     | Killed a two-headed ogre
  7945 | D:10     | Found Qomiok's Jewellery Boutique.
  8039 | D:10     | Found a flagged portal.
  8133 | D:10     | Noticed Snorg
  8160 | D:10     | HP: 3/93 [Snorg (11)]
  8161 | D:10     | Slain by Snorg

Illustrated notes

Levels and vault maps discovered:
D:1:      saegor_arrival_simple_d, layout_basic, serial_shops, shop
D:2:      layout_loops_ring
D:3:      layout_loops_ring, nicolae_ru_awakened_eye
D:4:      layout_loops_ring, mainiacjoe_overflow_tiny_flanked, serial_aquarium,
          aquarium_bridge_long_joined [aquarium_subvault_bridge,
          aquarium_subvault_bridge, aquarium_subvault_bridge,
          aquarium_subvault_wall, aquarium_subvault_bridge,
          aquarium_subvault_wall], aquarium_window_fake, aquarium_window_1,
          aquarium_window_corner, aquarium_window_2, aquarium_view_2c,
          aquarium_view_2d, aquarium_balcony_5b, aquarium_pool_double,
          serial_shops, nicolae_shop_real_fake_doors,
          nicolae_ossuary_entry_false_entrances, chequers_serial_rivers_micro_e,
          minivault_11
D:5:      layout_cave_pools, grunt_gozag_statues
D:6:      layout_cave_pools, mainiacjoe_overflow_paths,
          chequers_temple_overflow_minitemple, sigmund_edmund_badplayer,
          uniq_blork_the_orc, uniq_sigmund, uniq_grinder
D:7:      gammafunk_cloud_chamber, layout_basic, minmay_temple_entry_tees,
          chequers_guarded_unrand_ignorance
D:8:      layout_basic, mainiacjoe_overflow_boulevard,
          gammafunk_ghost_wrathful_warriors
D:9:      layout_stronghold, hellmonk_okawaru_the_only_friend_you_need,
          grunt_lair_entry_orc_guard_hut
D:10:     kennysheep_big_flooded_room, layout_basic, grunt_qazlal_clouds,
          enter_bailey_4, serial_shops, nicolae_shop_gaudy_bauble, uniq_snorg

Skill      XL: |  1  2  3  4  5  6  7  8  9 10 11 |
---------------+----------------------------------+-----
Axes           | 3 4 5 7 8 10 11 | 11.3
Fighting       | 4 5 6 7 9 11 | 11.4
Armour         | 4 7 |  7.8
Shields        | 5 9 |  9.3

Action                     |  1- 3 |  4- 6 |  7- 9 | 10-12 || total
---------------------------+-------+-------+-------+-------++-------
  Melee: War axe           |    73 |    89 |   297 |   306 ||   765
 Invoke: Call Merchant     |       |       |     1 |       ||     1
Ability: Dig               |       |     1 |       |       ||     1
         Shaft Self        |       |       |     1 |       ||     1
  Evoke: Wand              |       |       |       |     2 ||     2
    Use: Scroll            |     5 |     4 |     7 |     5 ||    21
         Potion            |       |     1 |     9 |     5 ||    15
   Stab: Distracted        |       |       |       |     2 ||     2
 Armour: Scale mail        |    60 |    59 |   183 |       ||   302
         Chain mail        |       |       |   188 |   137 ||   325
  Dodge: Dodged            |    40 |    36 |   198 |    31 ||   305
  Block: Buckler           |    27 |    31 |    78 |       ||   136
         Tower shield      |       |       |    45 |   466 ||   511
